Cogmind - Beta 16 @@@ ROGUE MODE // 2025.10.23 @ 20:29:56 Player: gorb Result: Destroyed by G-34 Mercenary with Small Laser Performance ------------- Evolutions (1) 500 Regions Visited (2) 400 Robots Destroyed (15) 75 Value Destroyed (440) 440 Prototype IDs (0) 0 Alien Tech Used (0) 0 Bonus (0) 0 TOTAL SCORE: 1415 Bonus ------- None Cogmind --------- Core Integrity 0/400 Matter 300/300 Energy 100/100 System Corruption 12% Temperature Cool (6) Movement Core (100) Ox1 Location -9/Materials Parts ------- > --- POWER (1) -------- (None) > --- PROPULSION (4) --- (None) > --- UTILITY (2) ------ Small Storage Unit Utility Shielding > --- WEAPON (2) ------- (None) > --- INVENTORY (8) ---- Improved Targeting Computer Peak State ------------ > --- POWER ------------ Ion Engine > --- PROPULSION ------- Aluminum Leg Aluminum Leg Improved Aluminum Leg Improved Aluminum Leg > --- UTILITY ---------- Small Storage Unit Utility Shielding > --- WEAPON ----------- EM Pulse Gun Small Laser > --- INVENTORY -------- Ion Engine Improved Targeting Computer [Rating: 11] Favorites ----------- Power Ion Engine Engine Ion Engine Propulsion Aluminum Leg Leg Aluminum Leg Wheel Compact Wheel Utility Small Storage Unit Storage Small Storage Unit Protection Utility Shielding Weapon EM Pulse Gun Energy Gun EM Pulse Gun Ballistic Gun Assault Rifle Launcher Grenade Launcher Build | -11 -10 -9 ------- Run | Yrd Mat Mat Slots Evolved 2 | . . 2 Power . | . . . Propulsion 2 | . . 2 Utility . | . . . Weapon . | . . . Parts Attached 17 | 4 6 7 Power 3 | 1 1 1 Engine 3 | 1 1 1 Core . | . . . Reactor . | . . . Propulsion 6 | 2 . 4 Treads . | . . . Leg 4 | . . 4 Wheel 2 | 2 . . Hover . | . . . Flight . | . . . Utility 2 | 1 1 . Device . | . . . Storage 1 | 1 . . Processor . | . . . Hackware . | . . . Protection 1 | . 1 . Artifact . | . . . Weapon 6 | . 4 2 Energy Gun 3 | . 1 2 Energy Cannon . | . . . Ballistic Gun 2 | . 2 . Ballistic Cannon . | . . . Launcher 1 | . 1 . Special Weapon . | . . . Impact Weapon . | . . . Slashing Weapon . | . . . Piercing Weapon . | . . . Special Melee Weapon . | . . . Unidentified Prototypes . | . . . Corrupted Parts 1 | . . 1 System Corruption 10 | . . 10 Parts Lost 15 | . 6 9 Power 3 | . 2 1 Propulsion 6 | . 2 4 Utility . | . . . Weapon 6 | . 2 4 Highest Loss Streak 6 | . 6 6 To Critical Strikes . | . . . Average Backups 4 | 4 7 1 Power . | . . . Propulsion 1 | 1 3 . Utility . | . . 1 Weapon 1 | 1 2 . Tool/Special . | . . . Unused Backups 3 | . 1 2 Power 1 | . . 1 Propulsion . | . . . Utility 1 | . . 1 Weapon 1 | . 1 . Tool/Special . | . . . Average Slot Usage (%) 82 | . 86 79 Engine 8 | . 12 5 Leg 20 | . . 35 Wheel 9 | . 23 . Storage 12 | . 14 11 Protection 11 | . 12 11 Energy Gun 11 | . 8 13 Ballistic Gun 7 | . 12 3 Peak Build Rating 11 | 4 8 11 Average Rating 7 | 3 6 8 On Entrance 2 | . 4 3 Avg Prop Armor Cover (%) 16 | . . 16 Naked Turns . | . . . Heaviest Build 15 | 10 15 14 Greatest Support 46 | 26 26 46 Greatest Overweight (x) 3 | . 3 . Average Overweight (x) . | . . . Largest Inventory Capacity 8 | 8 8 8 Average Capacity 7 | 7 8 8 Most Carried 8 | 6 8 5 Average Carried 4 | 4 7 1 Final Capacity 8 | 8 8 8 Final Carried 6 | 6 6 1 Class Distribution -------------------- 100% | Mutant Dominant Class ---------------- Mutant | -10/Materials Mutant | -9/Materials Resources | -11 -10 -9 ----------- Run | Yrd Mat Mat Matter Collected 453 | 240 33 180 Remotely . | . . . Salvage Created 440 | . 117 323 Parts 32 | . 10 22 Haulers Intercepted . | . . . Recyclers Shooed . | . . . Parts Field Recycled . | . . . Retrieved Matter . | . . . Parts Self-Destructed . | . . . Prevented . | . . . Parts Restored . | . . . Kills | -11 -10 -9 ------- Run | Yrd Mat Mat Combat Hostiles Destroyed 12 | . 4 8 Guns 9 | . 1 8 AOE 3 | . 3 . Classes Destroyed 6 | . 3 3 Worker 1 | . 1 . Builder 1 | . 1 . Watcher 1 | . . 1 Swarmer 2 | . . 2 Grunt 8 | . 4 4 Sentry 2 | . . 2 Best Kill Streak 5 | . 5 4 Combat Bots Only 4 | . 3 4 Max Kills in Single Turn 3 | . 3 1 Gunslinging . | . . . Exploded 2 | . 2 . Melee . | . . . Uniques/NPCs Destroyed . | . . . Combat | -11 -10 -9 -------- Run | Yrd Mat Mat Hostile Shots Fired 185 | . 60 125 Missed 59 | . 18 41 Hits 126 | . 42 84 Projectile 126 | . 42 84 Critical Strikes 3 | . 1 2 Part Disruptions 1 | . . 1 Damage Taken 1813 | . 688 1125 Core 548 | . 144 404 Absorbed by Shields . | . . . Redirected to Shielding 36 | . 21 15 Core Remaining (%) 71 | 100 42 . Volleys Fired 55 | . 13 42 Largest 2 | . 2 2 Hottest 80 | . 60 80 Shots Fired 80 | . 24 56 Gun 77 | . 21 56 Cannon . | . . . Launcher 3 | . 3 . Special . | . . . Kinetic 31 | . 16 15 Thermal 30 | . . 30 Explosive 3 | . 3 . Electromagnetic 16 | . 5 11 Robot Hit Streak 10 | . 6 10 Robot Miss Streak 4 | . 4 3 Penetration Max . | . . . Secondary Targets . | . . . Shots Hit Robots 48 | . 11 37 Core Hits 27 | . 10 17 Critical Kills . | . . . Critical Parts Destroyed . | . . . Critical Strikes 2 | . 1 1 Corrupt 2 | . 1 1 Melee Attacks . | . . . Impact . | . . . Slashing . | . . . Piercing . | . . . Sneak Attacks . | . . . Combat Hostiles . | . . . Follow-up Attacks . | . . . Damage Inflicted 1270 | . 778 492 Guns 558 | . 141 417 Cannons . | . . . Explosions 712 | . 637 75 Melee . | . . . Ramming . | . . . Kinetic 181 | . 101 80 Thermal 674 | . 370 304 Explosive 267 | . 267 . Electromagnetic 148 | . 40 108 Impact . | . . . Slashing . | . . . Piercing . | . . . Highest Corruption 12 | . 2 12 Average Corruption 8 | . 2 11 Corruption Purged . | . . . Corruption Blocked . | . . . Effects 17 | . 3 14 Message Errors 3 | . . 3 Matter Fused 5 | . 3 2 Heat Flow Errors 2 | . . 2 Energy Discharges 1 | . . 1 Data Loss (minor) 2 | . . 2 Data Loss (major) 1 | . . 1 Misdirections 2 | . . 2 Weapon Failures 1 | . . 1 Overload Shots . | . . . Overflow Damage 144 | . 138 6 Projectiles . | . . . Explosions 144 | . 138 6 Melee . | . . . Knockbacks . | . . . Impact . | . . . Kinetic . | . . . Secondary . | . . . Self-Inflicted Damage 195 | . 161 34 Shots 5 | . 4 1 Rammed . | . . . Targets Rammed 1 | . . 1 Kicked 1 | . . 1 Crushed . | . . . Highest Temperature 346 | . 70 346 Average Temperature 79 | . 31 98 Received Heat Transfer 807 | . 306 501 Siege Activations . | . . . Martial Activations . | . . . Shielding Activations . | . . . Robots Disrupted . | . . . Combat Hostiles . | . . . Robots Corrupted 1 | . . 1 Combat Hostiles . | . . . Parts Fried . | . . . Impact Corruptions . | . . . Robots Melted . | . . . Combat Hostiles . | . . . Parts Melted 3 | . . 3 Heat Transferred 925 | . 250 675 Parts Sabotaged . | . . . Parts Stolen . | . . . Parts Stripped . | . . . Power Chain Reactions 3 | . 1 2 Alert | -11 -10 -9 ------- Run | Yrd Mat Mat Maximum Alert Level . | . . . Low Security (%) 100 | 100 100 100 Level 1 . | . . . Level 2 . | . . . Level 3 . | . . . Level 4 . | . . . Level 5 . | . . . High Security . | . . . Max Security . | . . . Peak Influence 89 | . 89 70 Initial 20 | . . 20 Average 17 | . 19 19 Influence Increases 375 | . 159 216 Destroy 0b10 Robot/C 240 | . 80 160 Destroy 0b10 Robot/NC 15 | . 10 5 Destroy Leader 62 | . 30 32 Disable Machine 15 | . 15 . Destroy Structure 13 | . 9 4 Lose Combat Pursuer 30 | . 15 15 Influence Decreases 345 | . 110 235 Entered New Map 29 | . . 29 Time Decay 180 | . 50 130 Lost Part 136 | . 60 76 Squads Dispatched 2 | . 1 1 Investigation 1 | . 1 . Extermination . | . . . Reinforcement 1 | . . 1 Assault . | . . . Garrison . | . . . Intercept . | . . . Searches Triggered . | . . . Construction Impeded . | . . . Haulers Reinforced . | . . . Active Scanning Responses . | . . . Cargo Convoy Interrupts . | . . . Stealth | -11 -10 -9 --------- Run | Yrd Mat Mat Distress Signals 3 | . 2 1 Communications Jammed . | . . . Distress Signals . | . . . Times Spotted 30 | . 11 19 Peak Tracking Total 7 | . 6 7 Tactical Retreats 2 | . 1 1 Traps | -11 -10 -9 ------- Run | Yrd Mat Mat Traps Triggered 2 | . 2 . Indirectly . | . . . Trap Hack Attempts . | . . . Triggered . | . . . Disarmed . | . . . Reprogrammed . | . . . Reused . | . . . Traps Extracted . | . . . Installed . | . . . Triggered . | . . . Machines | -11 -10 -9 ---------- Run | Yrd Mat Mat Machines Disabled 1 | . 1 . Max in Single Turn 1 | . 1 . Machines Repaired . | . . . Machines Dismantled . | . . . Machines Sabotaged . | . . . Overloaded Fab Kills . | . . . Hacking | -11 -10 -9 --------- Run | Yrd Mat Mat Machines Accessed 1 | . 1 . Terminals 1 | . 1 . Fabricators . | . . . Repair Stations . | . . . Recycling Units . | . . . Scanalyzers . | . . . Garrison Access . | . . . Total Hacks 1 | . 1 . Successful . | . . . Failed 1 | . 1 . Catastrophic 1 | . 1 . Database Lockouts . | . . . Manual 1 | . 1 . Terminals 1 | . 1 . Fabricators . | . . . Repair Stations . | . . . Recycling Units . | . . . Scanalyzers . | . . . Garrison Access . | . . . Terminal Hacks . | . . . Fabricator Hacks . | . . . Repair Station Hacks . | . . . Recycling Unit Hacks . | . . . Scanalyzer . | . . . Garrison Access Hacks . | . . . Unauthorized Hacks . | . . . Terminals . | . . . Fabricators . | . . . Repair Stations . | . . . Recycling Units . | . . . Scanalyzers . | . . . Garrison Access . | . . . Data Cores Recovered . | . . . Used . | . . . Hacking Detections 1 | . 1 . Full Trace Events . | . . . Feedback Events . | . . . Feedback Blocked . | . . . Robot Schematics Acquired . | . . . Robots Built . | . . . Authchips . | . . . Time . | . . . Total Robot Build Rating . | . . . Part Schematics Acquired . | . . . Parts Built . | . . . Authchips . | . . . Time . | . . . Total Part Build Rating . | . . . Part Studies Acquired . | . . . Parts Repaired . | . . . Time . | . . . Parts Recycled . | . . . Recycled Matter . | . . . Retrieved Matter . | . . . Retrieved Components . | . . . Parts Scanalyzed . | . . . Part Schematics Acquired . | . . . Parts Damaged . | . . . Bothacking | -11 -10 -9 ------------ Run | Yrd Mat Mat Used RIF Installer . | . . . Robots Hacked . | . . . Non-combat . | . . . Combat . | . . . Robot Hacks Applied . | . . . Relay Couplers Released . | . . . Fabnet Peak Effective % . | . . . Robots Rewired . | . . . Allies Hacked . | . . . Hacks Repelled . | . . . Allies | -11 -10 -9 -------- Run | Yrd Mat Mat Total Allies . | . . . Largest Group . | . . . Highest-Rated Group . | . . . Highest-Rated Ally . | . . . Total Orders . | . . . Ally Attacks . | . . . Total Damage . | . . . Kills . | . . . Allies Corrupted . | . . . Allies Melted . | . . . Intel | -11 -10 -9 ------- Run | Yrd Mat Mat Active Infowar (turns) . | . . . Robot Analysis Total . | . . . Derelict Logs Recovered . | . . . Drone Launches . | . . . Drone Recoveries . | . . . Exploration | -11 -10 -9 ------------- Run | Yrd Mat Mat Turns Passed 706 | 86 261 359 Spaces Moved 429 | 50 208 171 Core 24 | 12 12 . Treads . | . . . Legs 171 | . . 171 Wheels 234 | 38 196 . Hover . | . . . Flight . | . . . Fastest Speed 50 | 50 90 120 Average Speed 104 | 80 97 120 Slowest Speed 200 | 90 200 120 Overloaded Moves . | . . . Propulsion Burnouts . | . . . Robots Hopped . | . . . Potential Cave-ins . | . . . Cave-ins Triggered . | . . . Exploration Rate (%) 17 | 4 32 16 Regions Visited 2 Branch Regions . Pre-discovered Areas . | . . . Known Exits Taken . | . . . Unknown Exits Taken 2 | 1 1 . Scrap Searched . | . . . Spaces Dug . | . . . Terrain Destroyed 16 | . 12 4 Melee . | . . . Projectile . | . . . AOE 16 | . 12 4 Terrain Rammed . | . . . Walls Destroyed . | . . . Machines Disabled . | . . . Actions | -11 -10 -9 --------- Run | Yrd Mat Mat Total 610 | 95 244 271 Wait 87 | 32 11 44 Move 427 | 49 207 171 Hop . | . . . Pick Up 20 | 10 6 4 Fast Attach . | . . . Attach 17 | 4 5 8 Detach . | . . . Swap 1 | . 1 . Drop 2 | . 1 1 Fire 55 | . 13 42 Melee . | . . . Ram . | . . . Kick 1 | . . 1 Crush . | . . . Escape Stasis . | . . . Rewire . | . . . Trap . | . . . Miscellaneous . | . . . Route ------- -11/Scrapyard -10/Materials -9/Materials History --------- Turn | Location | Event 16 | -11/Scrapyard | Discovered new exit (range 16) 87 | -11/Scrapyard | Entered Materials 329 | -10/Materials | Discovered new exit (range 11) 336 | -10/Materials | Build established: Mutant 342 | -10/Materials | Core integrity fell below 50% 348 | -10/Materials | Entered another Materials area 348 | -9/Materials | Evolved 2 slots: Propulsion x2 376 | -9/Materials | Lost 6 parts (2p2n2w) 454 | -9/Materials | System corruption reached 10% 670 | -9/Materials | Core integrity fell below 50% 696 | -9/Materials | Lost 6 parts (1p3n2w) 702 | -9/Materials | Core integrity fell below 20% 707 | -9/Materials | Destroyed by G-34 Mercenary with Small Laser Last Messages --------------- Acquired 10 matter. K-01 Serf collects debris. Ion Engine destroyed. Y-45 Defender suffers critical hit (Burn). %0W/O LCSSKNFO#O3VZ5RK>W System corrupted: Sml. Laser failed to cycle. Beam Rifle melted. Imp. Ion Engine melted. Heat Sink melted. Y-45 Defender destroyed. Aluminum Leg destroyed. Sml. Laser destroyed. Critical hit (Burn: +37). Kicked G-47 Trooper out of the way. G-47 Trooper IFF system glitched. S-10 Pest destroyed. Imp. Aluminum Leg destroyed. S-10 Pest destroyed. N%&RV1HKORLVPDYGBD:P Sml. Laser destroyed. Map ----- +----------------------------------------------------+ | ?????????????????????????????????????????????????? | | ?????????????????????????????????????????????????? | | ?????????????????????????????????????????????????? | | ?????????????????????????????????????????????????? | | ?????????????????????????????????????????????????? | | ?????????????????????????????????????????????????? | | ?????????????????????????????????????????????????? | | ?????????????????????????????????????????????????? | | ?????????????????????????????????????????????????? | | ?????????????????????????????????????????????????? | | ?????????????????????????????????????????????????? | | ?????????????????????????????????????????????????? | | ?????????????????????????????????????????????????? | | ?????????????????????????????????????????????????? | | ?????????????????????????????????????????????????? | | ?????????????????????????????????????????????????? | | ?????????????????????????????????????????????????? | | ?????????????????????????????????????????????????? | | ?????????????????????????????????????????????????? | | ?????????????????????????????????????????????????? | | ?????????????????????????????????????????????????? | | ?????????????????###########?????????????????????? | | ?????????????????# #?????????????????????? | | ?????????????????# s= #?????????????????????? | | ?????????????????# %gg #?????????????????????? | | ?????????????????# =g @ #?????????????????????? | | ??????????????########+#####?????????????????????? | | ??????????# #?????????????????????????? | | ?????????????######+## #?????????????????????????? | | ?????????????# """ ## ##????????????????????????? | | ?????????????# """ # #####????????????????????? | | ?????????????# """ / ] ?????????????? | | ?????????????# # #######??????????????????? | | ?????????????# ## ##????????????????????????? | | ?????????????# ## #?????????????????????????? | | ?????????????####/#### ?????????????????????????? | | ??????????# #####=#### ##????????????????????????? | | ??? =%! #?????????????????????????? | | ??????????#+##+##%#### #?????????????????????????? | | ????????????????#*#??# #?????????????????????????? | | ????????????????#%#??# #?????????????????????????? | | ????????????????#+####+####??????????????????????? | | ????????????????#%= #??????????????????????? | | ????????????????#[= #??????????????? ?????? | | ????????????????#= ==% #??????????????? ?????? | | ????????????????# == #??????????????? #????? | | ????????????????# == #??????????????? #????? | | ????????????????# #??????????????? #????? | | ????????????????# ! #??????????????? #????? | | ????????????????# #??????????????? #????? | +----------------------------------------------------+ Best States ------------- Heat Dissipation 28 Energy Generation 10 Energy Capacity 250 Matter Stores 300 Matter Capacity 300 Sight Range 16 Terrain Scan Density 10 Utility Shielding 33 Evasion (%) 55 Item Schematics ----------------- None Robot Schematics ------------------ None Fabricated ------------ Nothing Repaired ---------- Nothing Studied --------- None Alien Tech Used ----------------- None Achievements -------------- A Problem For Future Me Overwhelming Challenges ------------ None Game ------ Seed CombatSkeletonPurifier Manual? 0 Play Time 00:09:16 Cumulative 40.4 hours Start 2025.10.23 @ 20:17:15 End 2025.10.23 @ 20:29:56 Sessions 1 Manual Loads 0 Difficulty Rogue Special Mode None Game No. 69 Rogue 67 Adventurer 0 Explorer 2 Win Type - Total 0 Types 0/0/0/0/0/0/0/0/0/0 Lore% 24 Gallery% 27 Achievement% 16 Wizard Run 0 Options --------- Layout 1 ASCII 0 Keyboard 0 Movement Mouse Keybinds 0 Fullscreen 1 Font 24/Smallcaps Map View 50x35 Zoom Use 0% Tactical HUD 0 Map Filters NONE Filters NONE Steam 1 RUN: 06a41d57-a875-4f3e-b742-b77c7390c3b5